 Dungeon Crawl Stone Soup version 0.24-a0-228-g05560da (webtiles) character file.

Game seed: 3373495368310269856

24 technobutter the Skirmisher (level 3, 0/33 HPs)
             Began as a Hill Orc Fighter on Apr 1, 2019.
             Slain by an adder (3 damage)
             ... on level 2 of the Dungeon.
             The game lasted 00:02:33 (357 turns).

technobutter the Skirmisher (Hill Orc Fighter)       Turns: 357, Time: 00:02:34

Health: 0/33       AC:  6    Str: 19    XL:     3   Next: 2%
Magic:  3/3        EV:  7    Int:  8    God:
Gold:   37         SH:  9    Dex: 10    Spells: 2/2 levels left

rFire    . . .     SeeInvis .   a - +0 war axe
rCold    . . .     Gourm    .   c - +0 shield
rNeg     . . .     Faith    .   b - +0 scale mail
rPois    .         Spirit   .   (no helmet)
rElec    .         Reflect  .   (no cloak)
rCorr    .         Harm     .   (no gloves)
MR       .....                  (no boots)
Stlth    ..........             (no amulet)
HPRegen  0.11/turn              (no ring)
MPRegen  0.08/turn              (no ring)

@: lethally poisoned (0 -> -3)
A: no striking features
a: no special abilities


You were on level 2 of the Dungeon.
You were not hungry.

You visited 1 branch of the dungeon, and saw 2 of its levels.

You collected 37 gold pieces.

Inventory:

Hand Weapons
 a - a +0 war axe (weapon)
Armour
 b - a +0 scale mail (worn)
 c - a +0 shield (worn)
Scrolls
 e - a scroll of fear {unknown}
Potions
 d - a potion of might
 g - a potion of magic {unknown}
 h - 2 potions of degeneration {unknown}
 i - 3 potions of curing {unknown}
 j - a potion of haste {unknown}
Comestibles
 f - 2 rations


   Skills:
 + Level 4.0 Fighting
 + Level 3.1 Axes
 + Level 3.6 Armour
 + Level 3.6 Shields


You had 2 spell levels left.
You didn't know any spells.
Your spell library was empty.

Dungeon Overview and Level Annotations

Branches:
Dungeon (2/15)

Altars:


Message History

You barely miss the adder. The adder bites you.
* * * LOW HITPOINT WARNING * * *
The hobgoblin hits you with a +0 club.
* * * LOW HITPOINT WARNING * * *
Your shield and scale mail prevent you from hitting the hobgoblin.
The hobgoblin is almost dead.
You closely miss the adder. The adder bites you.
* * * LOW HITPOINT WARNING * * *
You block the hobgoblin's attack. The adder bites you.
* * * LOW HITPOINT WARNING * * *
You are lethally poisoned!
The adder poisons you!
Your scale mail prevents you from hitting the hobgoblin.
The hobgoblin is almost dead.
You barely miss the adder.
* * * LOW HITPOINT WARNING * * *
You feel sick. You block the adder's attack. The hobgoblin barely misses you.
The adder bites you but does no damage. The hobgoblin barely misses you.
You barely miss the adder. You barely miss the hobgoblin. The adder bites you.
You die...

..... .......
....... ###...#...
#......>.
##'#.....#
#.....##+## .#
#.S)......#####.#
#.@.............
#.g........#..####
#.................
#.....##+#'#..####
#......#...†.....##
#.......<..).......
####.###.†.†.......
#...............
#########..#....


You could see an adder and a hobgoblin.

Vanquished Creatures
  A worm (D:2)
  A dart slug (D:1)
  2 leopard geckos (D:2)
  A bat (D:2)
  2 goblins
  A hobgoblin (D:2)
  2 quokkas (D:2)
  3 frilled lizards
  5 rats
18 creatures vanquished.

Notes
Turn   | Place    | Note
-------+----------+-------------------------------------------
     0 | D:1      | technobutter the Hill Orc Fighter began the quest for the
                  | Orb.
     0 | D:1      | Reached XP level 1. HP: 19/19 MP: 1/1
   103 | D:1      | Reached XP level 2. HP: 23/27 MP: 2/2
   345 | D:2      | Reached skill level 4 in Fighting
   349 | D:2      | Reached XP level 3. HP: 13/33 MP: 3/3
   357 | D:2      | Slain by an adder

Levels and vault maps discovered:
D:1:      eino_arrival_water_star, layout_basic, minmay_misc_feat_alley,
          st_stairs_4
D:2:      layout_basic, old_standard_altar, minmay_pentomino_x4

Skill      XL: |  1  2 |
---------------+-------+-----
Axes           | 3 |  3.1
Fighting       | 4 |  4.0
Armour         | |  3.6
Shields        | |  3.6

Action                   || total
-------------------------++-------
Melee: War axe           ||    42
Armor: Scale mail        ||    24
Dodge: Dodged            ||    30
Block: Shield            ||    32

Table legend:
 A = Non-vault XP
 B = Vault XP
 C = Vault XP percentage of total XP
 D = Non-vault monster count
 E = Vault monster count
 F = Vault count percentage of total count
                 A         B        C        D         E       F
            +---------+---------+-------+---------+---------+-------
      Total |      30 |       5 |  14.3 |      16 |       2 |  11.1
            +---------+---------+-------+---------+---------+-------
        D:1 |      12 |       0 |   0.0 |       8 |       0 |   0.0
        D:2 |      18 |       5 |  21.7 |       8 |       2 |  20.0
            +---------+---------+-------+---------+---------+-------
